 Dungeon Crawl Stone Soup version 0.28.0-53-g5a82cb258f (webtiles) character file.

Game seed: 18218734170525210982

60 Diggabert the Skirmisher (level 3, 0/31 HPs)
             Began as a Palentonga Fighter on Aug 19, 2022.
             Slain by a goblin
             ... wielding a +0 club
             ... led by Robin
              (6 damage)
             ... on level 2 of the Dungeon.
             The game lasted 00:01:40 (1476 turns).

Diggabert the Skirmisher (Palentonga Fighter)       Turns: 1476, Time: 00:01:41

Health: 0/31       AC:  6    Str: 21    XL:     3   Next: 80%
Magic:  3/3        EV:  7    Int:  8    God:
Gold:   75         SH:  4    Dex:  9    Spells: 2/2 levels left

rFire   . . .      SeeInvis +   f - +1 mace (holy)
rCold   . . .      Faith    .   c - +0 buckler
rNeg    . . .      Spirit   .   b - +0 scale mail
rPois   .          Reflect  .   (no helmet)
rElec   .          Harm     .   (no cloak)
rCorr   .          Rampage  .   (no gloves)
Will    .....                   (no barding)
Stlth   ..........              (no amulet)
HPRegen 0.10/turn               (no ring)
MPRegen 0.08/turn               (no ring)

@: lethally poisoned (0 -> -5)
A: large, rugged brown scales 3, see invisible, deformed body, roll 1, armoured
tail
a: Rolling Charge


You were on level 2 of the Dungeon.
You visited 1 branch of the dungeon, and saw 2 of its levels.

You collected 75 gold pieces.

Inventory:

Hand Weapons
 a - a +0 flail
 f - a +1 mace of holy wrath (weapon)
Armour
 b - a +0 scale mail (worn)
 c - a +0 buckler (worn)
Wands
 h - a wand of digging (5)
Scrolls
 e - 4 scrolls of identify {unknown}
 i - a scroll of fog {unknown}
 j - a scroll of magic mapping {unknown}
Potions
 d - a potion of might
 g - a potion of curing {unknown}


   Skills:
 * Level 3.3 Fighting
 * Level 2.8 Maces & Flails
 * Level 2.9 Armour
 * Level 0.5 Dodging
 * Level 2.6 Shields


You had 2 spell levels left.
You didn't know any spells.
Your spell library contained the following spells:

 Spells                   Type           Power      Damage    Failure   Level
 Ensorcelled Hibernation  Hex/Ice        0%         N/A       91%         2
 Spider Form              Tmut/Pois      0%         N/A       99%         3
 Anguish                  Hex/Necr       0%         N/A       100%        4


Dungeon Overview and Level Annotations

Branches:
Dungeon (2/15)

Altars:

Annotations:
D:2 Robin


Innate Abilities, Weirdness & Mutations

You are completely covered in rugged brown scales. (AC +3, +7% HP)
You have supernaturally acute eyesight. (SInv)
Armour fits poorly on your strangely shaped body.
You can roll at nearby foes to attack.
You have a long armoured tail.


Message History

The goblin hits you with a +0 dagger.
Robin roars a battlecry!
The goblins go into a battle-frenzy!
The goblin hits you but does no damage. You block the goblin's attack.
The goblin hits you but does no damage. The goblin barely misses you.
The goblin barely misses you. Robin throws the goblin at you!
A goblin comes into view. It is wielding a +0 club.
The goblin barely misses you. The goblin hits you but does no damage.
The goblin hits you but does no damage.
A goblin comes into view. It is wielding a +0 dagger.
Found 5 gold pieces.
The goblin shouts!
A hobgoblin comes into view.
You hit the goblin.
You kill the goblin!
You hit the goblin.
You kill the goblin!
You thump the goblin!
You kill the goblin!
The goblin hits you with a +0 dagger.
You hit the goblin.
You kill the goblin!
Robin throws the goblin at you! The goblin hits you with a +0 dagger.
The goblin hits you but does no damage.
You closely miss the goblin. You block the goblin's attack.
The goblin hits you with a +0 club.
* * * LOW HITPOINT WARNING * * *
You block the goblin's attack.
You thump the goblin!
You kill the goblin!
The goblin hits you but does no damage. The goblin hits you with a +0 club.
* * * LOW HITPOINT WARNING * * *
Robin hits you but does no damage.
You are poisoned.
You barely miss Robin.
* * * LOW HITPOINT WARNING * * *
You feel very sick. You block the goblin's attack.
The goblin hits you with a +0 club.
You die...

#...#.# #.##### # #..##.#
#.## ## ##..##.# #..##
.####...##.########...###
.'......................#
.#.##...#.#########...###
##.###..#.### #..##
##..>.......# #####.###
#..##..#.#.# #g@g....#
#..........# #g###.#.#
#.###.##.### #g #....#
#........# #. #.g..#
#####.#### #. #))..# #.#
#. #.##.# ######.# #. #.#
.# .......# #.


gg. .# ######## ##.# ## You could see Robin, a hobgoblin and 2 goblins.

Vanquished Creatures
  2 adders (D:2)
  A worm (D:2)
  A dart slug (D:1)
  2 endoplasms
  A giant cockroach (D:1)
  10 goblins
  3 hobgoblins
  4 jackals (D:1)
  5 bats
  A frilled lizard (D:1)
  2 kobolds (D:1)
  4 rats
36 creatures vanquished.

Notes
Turn   | Place    | Note
-------+----------+-------------------------------------------
     0 | D:1      | Diggabert the Palentonga Fighter began the quest for the
                  | Orb.
     0 | D:1      | Reached XP level 1. HP: 19/19 MP: 1/1
   216 | D:1      | Reached XP level 2. HP: 15/25 MP: 2/2
   885 | D:2      | Found a faded altar of an unknown god.
  1020 | D:2      | Reached XP level 3. HP: 30/31 MP: 3/3
  1461 | D:2      | Noticed Robin
  1476 | D:2      | Slain by a goblin

Illustrated notes

Levels and vault maps discovered:
D:1:      lemuel_arrival_behind_the_door_small, layout_basic
D:2:      layout_loops_corners, hellmonk_ecumenical_altar_heavens_door,
          minmay_crystal_water, dk_vineyard_1, uniq_robin

Action                   || total
-------------------------++-------
Melee: Flail             ||    16
       Mace              ||    86
       Tailslap          ||     8
 Abil: Rolling Charge    ||    19
Armor: Scale mail        ||    61
Dodge: Dodged            ||    38
Block: Buckler           ||    21
